 Dungeon Crawl Stone Soup version 0.17-a0-1399-gd5b76e1 (webtiles) character file.

167 urechis the Spear-Bearer (level 5, -5/38 HPs)
             Began as a Merfolk Gladiator on June 19, 2015.
             Slain by Grinder (6 damage)
             ... while paralysed by Grinder
             ... on level 3 of the Dungeon.
             The game lasted 00:07:05 (2735 turns).

urechis the Spear-Bearer (Merfolk Gladiator)        Turns: 2735, Time: 00:07:05

Health: -5/38      AC:  7    Str: 15    XL:     5   Next: 48%
Magic:  5/5        EV:  2    Int:  8    God:
Gold:   168        SH:  0    Dex: 15    Spells: 0 memorised, 4 levels left

rFire  . . .     SeeInvis .     a - +0 trident
rCold  . . .     Clarity  .     b - +0 leather armour
rNeg   . . .     SustAt   .     (no shield)
rPois  .         Gourm    .     c - +0 helmet
rElec  .         Spirit   .     y - +1 cloak
rCorr  .         Warding  .     i - +0 pair of gloves
rMut   .         Stasis   .     (no boots)
MR     .....                    (no amulet)
Stlth  +.........               (no ring)
                                (no ring)

@: paralysed, drained, not resistant to hostile enchantments, very unstealthy
A: change form in water, swift swim
a: no special abilities


You were on level 3 of the Dungeon.
You were near starving.

You visited 1 branch of the dungeon, and saw 3 of its levels.

You collected 168 gold pieces.

Inventory:

Hand weapons
 a - a +0 trident (weapon)
Missiles
 e - 3 throwing nets (quivered)
Armour
 b - a +0 leather armour (worn)
 c - a +0 helmet (worn)
 i - a +0 pair of gloves (worn)
 y - a +1 cloak (worn)
Jewellery
 r - a +4 ring of protection {unknown}
Scrolls
 f - 2 scrolls of teleportation {unknown}
 g - a scroll of remove curse {unknown}
 k - a scroll of blinking {unknown}
 l - 3 scrolls of identify {unknown}
 m - a scroll of enchant weapon {unknown}
 p - a scroll of fog {unknown}
 q - a scroll of recharging {unknown}
 v - a scroll of magic mapping {unknown}
 w - a scroll of immolation {unknown}
Potions
 h - 2 potions of curing
 j - a potion of lignification {unknown}
 s - a potion of degeneration {unknown}
 t - a potion of cure mutation {unknown}
 u - a potion of magic {unknown}
Comestibles
 d - a bread ration
 n - a royal jelly
 o - a meat ration
 x - a slice of pizza


   Skills:
 - Level 2.1 Fighting
 + Level 8.7(8.6) Polearms
 - Level 2.0(1.9) Throwing
 - Level 4.0(3.9) Dodging


You had 4 spell levels left.
You didn't know any spells.

Dungeon Overview and Level Annotations

Branches:
Dungeon (3/15)

Altars:
Kikubaaqudgha
Sif Muna

Annotations:
D:3 Grinder


Message History

You closely miss Grinder.
Grinder is heavily wounded.
Grinder hits you.
You writhe in agony.
You completely miss Grinder.
Grinder is heavily wounded.
Grinder misses you.
You barely miss Grinder.
Grinder is heavily wounded.
Grinder gestures at you.
You suddenly lose the ability to move!
Grinder gestures at you. Pain shoots through your body! Grinder hits you.
* * * LOW HITPOINT WARNING * * *
You writhe in agony.
* * * LOW HITPOINT WARNING * * *
Grinder hits you.
* * * LOW HITPOINT WARNING * * *
You writhe in agony.
You die...

##........#.....# #......#...
#.....>........# #......#...
###........#<....#######+#...#...
.......###.#.....#...........#...
.........#....####...........#...
.........#.......+.........###...
.........#.....###...............
.........+.###.#...###........###
.........#####.5@#####........# #
#......#............##........# #
#......#'######.....##........###
............# #......#....#####..
.#.####.....####.....#....#......
.#.##.'.....##.......#....#......
.#.##.#.....##....######.##......
.#.##+#.....##.....#####'##......
.#.#........##...................


You could see Grinder.

Vanquished Creatures
  Terence (D:3)
  Natasha (thrice) (D:3)
  4 adders
  An ooze (D:2)
  2 worms
  4 giant geckos
  A ball python (D:3)
  3 bats
  13 hobgoblins
  4 jackals (D:1)
  5 giant cockroaches
  A giant gecko skeleton (D:3)
  2 giant newts
  4 goblins
  7 kobolds
  6 rats
61 creatures vanquished.

Notes
Turn   | Place    | Note
--------------------------------------------------------------
     0 | D:1      | urechis the Merfolk Gladiator began the quest for the Orb.
     0 | D:1      | Reached XP level 1. HP: 16/16 MP: 1/1
   133 | D:1      | Reached skill level 5 in Polearms
   134 | D:1      | Reached XP level 2. HP: 16/22 MP: 2/2
   796 | D:2      | Reached XP level 3. HP: 27/27 MP: 3/3
   809 | D:2      | Reached skill level 6 in Polearms
  1167 | D:2      | Reached skill level 7 in Polearms
  1167 | D:2      | Reached XP level 4. HP: 12/33 MP: 4/4
  1580 | D:2      | Found a deep blue altar of Sif Muna.
  1808 | D:3      | Noticed Natasha
  1814 | D:3      | Noticed Grinder
  1814 | D:3      | Paralysed by Grinder for 5 turns
  1817 | D:3      | HP: 1/33 [Natasha (2)]
  1822 | D:3      | Killed Natasha
  1822 | D:3      | Reached skill level 8 in Polearms
  2116 | D:3      | Noticed Natasha
  2122 | D:3      | Killed Natasha
  2122 | D:3      | Reached XP level 5. HP: 38/38 MP: 5/5
  2252 | D:3      | Noticed Natasha
  2259 | D:3      | Killed Natasha
  2354 | D:3      | Found an ancient bone altar of Kikubaaqudgha.
  2387 | D:3      | Noticed Terence
  2395 | D:3      | Killed Terence
  2732 | D:3      | Paralysed by Grinder for 5 turns
  2735 | D:3      | HP: 1/38 [Grinder (2)]
  2735 | D:3      | Slain by Grinder

Vault maps used:
D:1:      dpeg_arrival_sounds_slurp, due_unseen_surprise
D:2:      lemuel_blue_sif_altar
D:3:      kiku_gazebo_pond_becter, uniq_terence, uniq_natasha, uniq_grinder

Action                   |  1- 3 |  4- 6 || total
-------------------------+-------+-------++-------
Melee: Trident           |   121 |    89 ||   210
  Use: Potion            |       |     1 ||     1
 Stab: Sleeping          |     2 |     2 ||     4
  Eat: Chunk             |     1 |     3 ||     4
